 Dungeon Crawl Stone Soup version 0.19.3-4-gbf9329e (webtiles) character file.

312 Alarkh the Chopper (level 6, -5/47 HPs)
             Began as a Demonspawn Monk on Jan 28, 2017.
             Slain by a centaur (8 damage)
             ... on level 3 of the Dungeon.
             The game lasted 00:02:19 (2530 turns).

Alarkh the Chopper (Demonspawn Monk)                Turns: 2530, Time: 00:02:20

Health: -5/47      AC:  2    Str: 11    XL:     6   Next: 18%
Magic:  0/6        EV: 13    Int: 13    God:
Gold:   186        SH:  0    Dex: 16    Spells: 0 memorised, 5 levels left

rFire  . . .     SeeInvis .     a - +0 hand axe
rCold  . . .     Gourm    .     b - +0 robe
rNeg   . . .     Faith    .     (no shield)
rPois  .         Spirit   +     (helmet restricted)
rElec  .         Reflect  .     (no cloak)
rCorr  .         Harm     .     (no gloves)
MR     .....                    (no boots)
Stlth  ++........               (no amulet)
                                (no ring)
                                (no ring)

@: no status effects
A: horns 2, magic shield
a: no special abilities


You were on level 3 of the Dungeon.
You were not hungry.

You visited 1 branch of the dungeon, and saw 3 of its levels.

You collected 186 gold pieces.

Inventory:

Hand Weapons
 a - a +0 hand axe (weapon)
Armour
 b - a +0 robe (worn)
Wands
 f - a wand of flame (24/48)
Scrolls
 e - a scroll of identify
 g - 2 scrolls of remove curse {unknown}
 h - a scroll of blinking {unknown}
 k - a scroll of enchant armour {unknown}
 m - 2 scrolls of recharging {unknown}
 p - a scroll of random uselessness {unknown}
 q - a scroll of amnesia {unknown}
Potions
 d - 2 potions of flight
 i - a potion of brilliance
 j - a potion of curing
Comestibles
 c - 2 bread rations
 o - 3 meat rations


   Skills:
 - Level 3.0 Fighting
 + Level 6.4 Axes
 - Level 2.6 Dodging
 - Level 1.7 Stealth


You had 5 spell levels left.
You didn't know any spells.

Dungeon Overview and Level Annotations

Branches:
Dungeon (3/15)

Altars:
Zin


Innate Abilities, Weirdness & Mutations

You have a pair of horns on your head.
When hurt, damage is shared between your health and your magic reserves.


Message History

The centaur barely misses you.
You hit the centaur.
The centaur is lightly wounded.
The centaur barely misses you.
You completely miss the centaur.
The centaur is lightly wounded.
The centaur closely misses you. The centaur misses you.
You barely miss the centaur.
You headbutt the centaur, but do no damage.
The centaur is lightly wounded.
The centaur barely misses you.
You hit the centaur.
The centaur is moderately wounded.
The centaur hits you.
* * * LOW HITPOINT WARNING * * *
The centaur misses you.
You hit the centaur.
The centaur is heavily wounded.
The centaur hits you!
You die...

## #.........# .####
#.........# ....##
#.........#
.....#####..>......#
#.................##
########...........##
. ###.......>..#...
#..............
#...(((@..#
#.......c.#
#........##
#.#.....## #.#######
#.# # #. # .


You could see a centaur.

Vanquished Creatures
  Grinder (D:3)
  5 adders
  An ooze (D:3)
  3 worms
  A dart slug (D:1)
  An orc (D:3)
  6 bats
  3 giant cockroaches
  6 goblins
  6 hobgoblins
  7 jackals
  A ball python (D:3)
  6 frilled lizards
  6 kobolds
  11 rats
64 creatures vanquished.

Notes
Turn   | Place    | Note
-------+----------+-------------------------------------------
     0 | D:1      | Alarkh the Demonspawn Monk began the quest for the Orb.
     0 | D:1      | Reached XP level 1. HP: 18/18 MP: 1/1
    86 | D:1      | Reached skill level 3 in Axes
   197 | D:1      | Gained mutation: You have a pair of small horns on your head. [demonic ancestry]
   197 | D:1      | Reached XP level 2. HP: 22/24 MP: 2/2
   893 | D:1      | Reached XP level 3. HP: 26/29 MP: 3/3
  1026 | D:2      | Reached skill level 4 in Axes
  1536 | D:2      | Reached XP level 4. HP: 20/35 MP: 4/4
  2022 | D:3      | Found a glowing silver altar of Zin.
  2064 | D:3      | Noticed Grinder
  2200 | D:3      | Killed Grinder
  2200 | D:3      | Reached skill level 6 in Axes
  2200 | D:3      | Gained mutation: You have a pair of horns on your head. [demonic ancestry]
  2200 | D:3      | Reached XP level 5. HP: 10/41 MP: 5/5
  2200 | D:3      | Gained mutation: When hurt, damage is shared between your health and your magic reserves. [demonic ancestry]
  2200 | D:3      | Reached XP level 6. HP: 11/47 MP: 6/6
  2530 | D:3      | Slain by a centaur

Skill      XL: |  1  2  3  4 |
---------------+-------------+-----
Axes           | 3 4 6 |  6.4
Fighting       | |  3.0
Dodging        | |  2.6
Stealth        | |  1.7

Action                   |  1- 3 |  4- 6 || total
-------------------------+-------+-------++-------
Melee: Hand axe          |   142 |    66 ||   208
       Headbutt          |    17 |    13 ||    30
  Use: Scroll            |     3 |       ||     3
       Potion            |       |     3 ||     3
 Stab: Sleeping          |     4 |     4 ||     8
  Eat: Chunk             |     2 |     3 ||     5
Armor: Robe              |    25 |     3 ||    28
Dodge: Dodged            |   107 |    42 ||   149
